 Dungeon Crawl Stone Soup version 0.30-a0-373-gd37427bb62 (webtiles) character file.

Game seed: 15223384449866184327

14546 arthad the Cleaver (level 12, -4/94 HPs)
             Began as a Gnoll Reaver on Nov 24, 2022.
             Was an Initiate of Gozag.
             Incinerated by a smoke demon (5 damage)
             ... with a sticky flame
             ... on level 9 of the Dungeon.
             The game lasted 00:57:41 (10079 turns).

arthad the Cleaver (Gnoll Reaver)                  Turns: 10079, Time: 00:57:42

Health: -4/94      AC: 19    Str: 13    XL:     12   Next: 17%
Magic:  24/24      EV: 15    Int: 15    God:    Gozag
Gold:   3624       SH:  0    Dex: 24    Spells: 22/28 levels left

rFire   . . .      SeeInvis .    a - +10 broad axe
rCold   + . .      Faith    .    (no shield)
rNeg    + . .      Spirit   .    h - +7 Kryia's mail coat {PotionHeal*2 rC+}
rPois   +          Reflect  .    (no helmet)
rElec   .          Harm     .    T - +1 cloak {rCorr}
rCorr   +          Rampage  .    J - +0 pair of gloves
Will    .....                    r - +0 pair of boots
Stlth   +.........               g - amulet of regeneration
HPRegen 1.15/turn                n - ring of Foipiriu {rPois rN+ Dex+6}
MPRegen 0.19/turn                m - +6 ring of dexterity

@: on fire, spiked, gold aura, glowing
A: fangs 1, strong nose, distributed training
a: Renounce Religion, Potion Petition, Call Merchant, Bribe Branch


You were on level 9 of the Dungeon.
You worshipped Gozag.
Gozag was most pleased with you.
You visited 1 branch of the dungeon, and saw 10 of its levels.
You also visited: Sewer, Ossuary and Bailey.

You collected 3915 gold pieces.
You spent 291 gold pieces at shops.

Inventory:

Hand Weapons
 a - a +10 broad axe (weapon)
 b - a +3 vorpal shortbow
 s - a +4 trident of protection
 B - a +0 whip of freezing
 F - a +0 broad axe
 H - a +1 shortbow of flaming
 P - a +3 flail of draining
 R - a +0 battleaxe
Missiles
 c - 8 boomerangs
 l - 15 poisoned darts
 q - 5 javelins
 u - a curare-tipped dart
Armour
 h - the +7 Kryia's mail coat (worn) {PotionHeal*2 rC+}
   (You acquired it on level 3 of the Dungeon)

   Potions are twice as effective at healing its wearer.
   rC:        It protects you from cold.
 i - a +1 tower shield
 r - a +0 pair of boots (worn)
 J - a +0 pair of gloves (worn)
 K - a +0 kite shield
 M - the +2 tower shield of Makhleb's Whim {SInv}
   (You found it on level 7 of the Dungeon)

   SInv:      It lets you see invisible.
 T - a +1 cloak of preservation (worn)
 Z - a +2 robe of the Archmagi
Jewellery
 g - an amulet of regeneration (around neck)
 m - a +6 ring of dexterity (right hand)
 n - the ring of Foipiriu (left hand) {rPois rN+ Dex+6}
   (You took it off an orc warlord in a bailey)

   [ring of dexterity]

   Dex:       It affects your dexterity (+6).
   rPois:     It protects you from poison.
   rN:        It protects you from negative energy.
 t - an amulet of guardian spirit
 x - a ring of fire
 Q - a ring of ice
 Y - a +4 ring of protection
Wands
 v - a wand of flame (3)
 L - a wand of quicksilver (1)
 N - a wand of roots (3)
Scrolls
 e - 4 scrolls of vulnerability
 f - 2 scrolls of noise
 j - 3 scrolls of identify
 y - 6 scrolls of teleportation
 D - 3 scrolls of enchant armour
 E - 2 scrolls of fear
 G - a scroll of amnesia
 I - 2 scrolls of fog
 O - a scroll of immolation
 U - a scroll of summoning
 W - 3 scrolls of magic mapping
 X - 3 scrolls of blinking
Potions
 d - a potion of cancellation
 k - 2 potions of flight
 o - 4 potions of mutation
 p - 2 potions of brilliance
 w - 2 potions of resistance
 z - 2 potions of lignification
 A - 3 potions of curing
 C - 4 potions of degeneration
 S - 3 potions of heal wounds
 V - 2 potions of might


   Skills:
 + Level 8.7 Fighting
 + Level 7.3 Short Blades
 + Level 7.3 Long Blades
 + Level 9.9 Axes
 + Level 7.3 Maces & Flails
 + Level 7.3 Polearms
 + Level 7.3 Staves
 + Level 7.3 Ranged Weapons
 + Level 7.3 Throwing
 + Level 7.3 Armour
 + Level 8.7 Dodging
 + Level 7.3 Stealth
 + Level 7.3 Shields
 + Level 7.3 Unarmed Combat
 + Level 8.9 Spellcasting
 + Level 8.2 Conjurations
 + Level 6.0 Hexes
 + Level 6.0 Summonings
 + Level 6.0 Necromancy
 + Level 6.0 Translocations
 + Level 6.0 Transmutations
 + Level 6.0 Fire Magic
 + Level 6.0 Ice Magic
 + Level 6.0 Air Magic
 + Level 6.0 Earth Magic
 + Level 6.0 Poison Magic
 + Level 8.0 Invocations
 + Level 7.3 Evocations


You had 22 spell levels left.
You knew the following spells:

 Your Spells              Type           Power      Damage    Failure   Level
a - Kiss of Death         Conj/Necr      100%       2d13      2%          1
b - Momentum Strike       Conj/Tloc      56%        3d9       3%          2
c - Call Canine Familiar  Summ           24%        N/A       11%         3

Your spell library contained the following spells:

 Spells                   Type           Power      Damage    Failure   Level
 Dazzling Flash           Conj/Hex       56%        N/A       6%          3
 Hailstorm                Conj/Ice       28%        3d8       6%          3
 Inner Flame              Hex/Fire       24%        N/A       11%         3
 Portal Projectile        Hex/Tloc       48%        N/A       11%         3
 Flame Wave               Conj/Fire      28%        2d9       22%         4
 Iskenderun's Mystic Bla  Conj/Tloc      28%        2d7       22%         4
 Sticky Flame             Conj/Fire      28%        2d5       22%         4
 Leda's Liquefaction      Hex/Erth       12%        N/A       34%         4
 Summon Ice Beast         Ice/Summ       24%        N/A       34%         4
 Summon Mana Viper        Hex/Summ       24%        N/A       67%         5
 Starburst                Conj/Fire      14%        6d6       97%         6
 Monstrous Menagerie      Summ           12%        N/A       100%        7


Dungeon Overview and Level Annotations

Branches:
Dungeon (10/15)            Temple (0/1) D:7            Lair (0/5) D:9
    Orc (0/2) D:9           Sewer (visited)         Ossuary (visited)
 Bailey (visited)

Altars:
Dithmenos
Gozag
Uskayaw

Shops:
D:2 =   D:4 =   D:5 *   D:8 ?

Annotations:
D:6 3 runed translucent doors, Lobster4's ghost, amateur HOHu


Innate Abilities, Weirdness & Mutations

You have very sharp teeth.
Your uncanny sense of smell can sniff out nearby items.
Your experience applies equally to all skills.


Message History

Okay, then.
Unknown command.
a - a +10 broad axe (weapon)
You are too injured to fight recklessly!
You slash the orc priest! You bite the orc priest.
The orc priest is heavily wounded.
The red devil hits you from afar with a +0 trident.
Barbed spikes become lodged in your body.
The orc priest is distracted by your dazzling golden aura.
The orc priest shouts!
You hit the orc priest.
The orc priest is no longer distracted by gold.
The orc priest is almost dead.
The red devil hits you but does no damage.
The orc priest calls down the wrath of Beogh upon you.
Beogh smites you!
You slice the orc priest!!
You kill the orc priest!
The red devil hits you from afar with a +0 trident.
Barbed spikes become lodged in your body.
The red devil hits you from afar with a +0 trident.
Barbed spikes become lodged in your body.
The smoke demon gestures at you. The sticky flame hits you!
You are covered in liquid flames!
* * * LOW HITPOINT WARNING * * *
Unknown command.
The barbs in your skin will harm you if you move.
Continue?
You are covered in liquid flames!
* * * LOW HITPOINT WARNING * * *
The red devil hits you but does no damage.
The smoke demon gestures at you. The ball of steam hits you!
* * * LOW HITPOINT WARNING * * *
The barbed spikes dig painfully into your body as you move.
* * * LOW HITPOINT WARNING * * *
You climb upwards.
You are covered in liquid flames!
You die...
Your body crumbles into a pile of gold.

#.# #.#..#
## #.#
#.#..##
#.#
##.#...#
###.#
#......###
#...#
#.........
#.###
#..#.####.
#.# #..#.#
#. #.#
#..#.####)
#@#
#.........
#.#
#...#####.
#.# #...#
#. #.#
#...# #.
#.#
#<..#####.
#.#
#.........
#.#
#.........
#.#
#..#######
#.# #..#


There were no monsters in sight!

Vanquished Creatures
  An orc warlord (Bailey)
  Pikel (D:4)
  An orc knight (Bailey)
  An ugly thing (D:7)
  A manticore (D:6)
  A gargoyle (D:7)
  A hornet (D:9)
  A vampire (D:8)
  A wraith (D:9)
  19 yaks
  5 steam dragons
  Menkaure (D:5)
  2 wargs (D:9)
  2 water moccasins (D:9)
  13 orc warriors
  4 ice beasts
  Duvessa (D:4)
  A sky beast (D:6)
  5 ogres
  3 black bears (D:6)
  4 centaurs
  A phantom (D:6)
  3 kobold brigands
  4 gnoll sergeants
  A scorpion (D:4)
  7 bullfrogs
  6 necrophages
  2 water moccasin zombies (Ossuary)
  2 wights
  Dowan (D:4)
  16 killer bees
  5 howler monkeys
  A gnoll bouda (D:6)
  5 jellies
  12 orc priests
  8 hounds
  2 iguanas
  7 orc wizards
  2 mummies (Ossuary)
  23 gnolls
  3 river rats (D:3)
  15 adders
  2 shadow imps
  3 white imps
  An ufetubus (D:6)
  5 adder zombies (Ossuary)
  6 worms
  4 dart slugs
  47 orcs
  10 ball pythons
  5 endoplasms
  5 giant cockroaches
  2 gnoll zombies (Ossuary)
  24 goblins
  18 hobgoblins
  4 jackals (D:5)
  5 quokkas
  4 bats
  4 frilled lizards
  4 hobgoblin zombies (Ossuary)
  26 kobolds
  3 kobold zombies (Ossuary)
  3 orc zombies (Ossuary)
  5 rats
385 creatures vanquished.

Vanquished Creatures (others)
  A two-headed ogre (D:8)
  A worm (D:2)
  A kobold (D:2)
  20 plants
23 creatures vanquished.

Grand Total: 408 creatures vanquished

Notes
Turn   | Place    | Note
-------+----------+-------------------------------------------
     0 | D:1      | arthad the Gnoll Reaver began the quest for the Orb.
     0 | D:1      | Reached XP level 1. HP: 20/20 MP: 6/6
   200 | D:1      | Reached XP level 2. HP: 15/26 MP: 7/7
   721 | D:1      | Learned a level 2 spell: Momentum Strike
   811 | D:1      | Reached skill level 5 in Spellcasting
   811 | D:1      | Reached XP level 3. HP: 25/31 MP: 7/9
  1216 | D:2      | Found Cyanoe's Jewellery Shop.
  1225 | D:2      | Reached skill level 1 in Invocations
  1452 | D:2      | Reached skill level 1 in Short Blades
  1452 | D:2      | Reached skill level 1 in Long Blades
  1452 | D:2      | Reached skill level 1 in Maces & Flails
  1452 | D:2      | Reached skill level 1 in Polearms
  1452 | D:2      | Reached skill level 1 in Staves
  1452 | D:2      | Reached skill level 1 in Ranged Weapons
  1452 | D:2      | Reached skill level 1 in Throwing
  1452 | D:2      | Reached skill level 1 in Armour
  1452 | D:2      | Reached skill level 1 in Stealth
  1452 | D:2      | Reached skill level 1 in Shields
  1452 | D:2      | Reached skill level 1 in Unarmed Combat
  1452 | D:2      | Reached skill level 1 in Evocations
  1470 | D:2      | Reached XP level 4. HP: 28/38 MP: 11/11
  1548 | D:2      | Reached skill level 1 in Hexes
  1548 | D:2      | Reached skill level 1 in Summonings
  1548 | D:2      | Reached skill level 1 in Necromancy
  1548 | D:2      | Reached skill level 1 in Translocations
  1548 | D:2      | Reached skill level 1 in Transmutations
  1548 | D:2      | Reached skill level 1 in Fire Magic
  1548 | D:2      | Reached skill level 1 in Ice Magic
  1548 | D:2      | Reached skill level 1 in Air Magic
  1548 | D:2      | Reached skill level 1 in Earth Magic
  1548 | D:2      | Reached skill level 1 in Poison Magic
  2073 | D:3      | Identified a scroll of acquirement
  2073 | D:3      | Acquired the +7 Kryia's mail coat {PotionHeal*2 rC+}
  2073 | D:3      | Found the +7 Kryia's mail coat {PotionHeal*2 rC+}
  2158 | D:3      | Reached XP level 5. HP: 23/43 MP: 12/12
  2297 | D:3      | Found a faded altar of an unknown god.
  2450 | D:3      | Found a glowing drain.
  2454 | Sewer    | Entered a sewer
  2603 | Sewer    | Reached XP level 6. HP: 50/50 MP: 13/13
  2667 | Sewer    | Reached skill level 5 in Fighting
  2667 | Sewer    | Reached skill level 5 in Dodging
  3236 | D:3      | Prayed at the altar of an unknown god.
  3236 | D:3      | Became a worshipper of Gozag Ym Sagoz the Greedy
  3330 | D:4      | Found Meochosi's One-of-a-Kind Rings.
  3456 | D:4      | Noticed Pikel
  3475 | D:4      | Killed Pikel
  3476 | D:4      | Reached skill level 7 in Axes
  3476 | D:4      | Reached XP level 7. HP: 28/56 MP: 15/15
  3476 | D:4      | Reached XP level 8. HP: 32/63 MP: 16/16
  3683 | D:4      | Noticed Dowan
  3688 | D:4      | Noticed Duvessa
  3705 | D:4      | Killed Dowan
  3720 | D:4      | Killed Duvessa
  4591 | D:5      | Entered Level 5 of the Dungeon
  4698 | D:5      | Found a sand-covered staircase.
  4705 | Ossuary  | Entered an ossuary
  5208 | D:5      | Found Jicum's Elemental Accessories.
  5371 | D:5      | Noticed Menkaure
  5385 | D:5      | Killed Menkaure
  5386 | D:5      | Reached XP level 9. HP: 25/69 MP: 18/18
  5798 | D:6      | Reached skill level 8 in Axes
  5817 | D:6      | Found a runed translucent gate.
  5839 | D:6      | Found a runed translucent gate.
  5840 | D:6      | Found a runed translucent gate.
  5840 | D:6      | Noticed a white ugly thing
  5840 | D:6      | Noticed Lobster4's ghost (amateur HOHu)
  5853 | D:6      | Reached skill level 5 in Invocations
  6080 | D:6      | Reached skill level 5 in Short Blades
  6080 | D:6      | Reached skill level 5 in Long Blades
  6080 | D:6      | Reached skill level 5 in Maces & Flails
  6080 | D:6      | Reached skill level 5 in Polearms
  6080 | D:6      | Reached skill level 5 in Staves
  6080 | D:6      | Reached skill level 5 in Ranged Weapons
  6080 | D:6      | Reached skill level 5 in Throwing
  6080 | D:6      | Reached skill level 5 in Armour
  6080 | D:6      | Reached skill level 5 in Stealth
  6080 | D:6      | Reached skill level 5 in Shields
  6080 | D:6      | Reached skill level 5 in Unarmed Combat
  6080 | D:6      | Reached skill level 5 in Evocations
  6080 | D:6      | Reached XP level 10. HP: 72/77 MP: 20/20
  6246 | D:6      | Noticed a manticore
  6258 | D:6      | Killed a manticore
  6579 | D:7      | Identified the +2 tower shield of Makhleb's Whim {SInv}
  6579 | D:7      | Noticed a cyan ugly thing
  6891 | D:7      | Found a staircase to the Ecumenical Temple.
  6952 | D:7      | Noticed a gargoyle
  6960 | D:7      | Killed a gargoyle
  7180 | D:7      | Killed a cyan ugly thing
  7181 | D:7      | Reached skill level 9 in Axes
  7188 | D:7      | Reached skill level 5 in Hexes
  7188 | D:7      | Reached skill level 5 in Summonings
  7188 | D:7      | Reached skill level 5 in Necromancy
  7188 | D:7      | Reached skill level 5 in Translocations
  7188 | D:7      | Reached skill level 5 in Transmutations
  7188 | D:7      | Reached skill level 5 in Fire Magic
  7188 | D:7      | Reached skill level 5 in Ice Magic
  7188 | D:7      | Reached skill level 5 in Air Magic
  7188 | D:7      | Reached skill level 5 in Earth Magic
  7188 | D:7      | Reached skill level 5 in Poison Magic
  7254 | D:7      | Found a hide-covered altar of Uskayaw.
  7421 | D:7      | Reached XP level 11. HP: 85/85 MP: 22/22
  7564 | D:8      | Found a flagged portal.
  7589 | Bailey   | Entered a bailey
  7736 | Bailey   | Noticed an orc knight
  7766 | Bailey   | Killed an orc knight
  7991 | Bailey   | Identified the ring of Foipiriu {rPois rN+ Dex+6}
  7991 | Bailey   | Noticed an orc warlord
  8024 | Bailey   | Killed an orc warlord
  8409 | D:8      | Noticed a two-headed ogre
  8421 | D:8      | Killed a two-headed ogre
  8569 | D:8      | Found Sycvuil's Magic Scroll Shop.
  8588 | D:8      | Bought a scroll of blinking for 97 gold pieces
  8588 | D:8      | Bought a scroll of magic mapping for 97 gold pieces
  8588 | D:8      | Bought a scroll of magic mapping for 97 gold pieces
  8590 | D:8      | Acquired 1033 gold pieces
  9165 | D:9      | Found a staircase to the Lair.
  9354 | D:9      | Found a staircase to the Orcish Mines.
  9405 | D:9      | Found a shadowy altar of Dithmenos.
  9749 | D:10     | Entered Level 10 of the Dungeon
  9799 | D:10     | Reached XP level 12. HP: 46/94 MP: 24/24
  9921 | D:10     | Learned a level 3 spell: Call Canine Familiar
 10079 | D:10     | HP: 1/94 [barbs]
 10079 | D:9      | Incinerated by a smoke demon

Illustrated notes

Levels and vault maps discovered:
D:1:      amcnicky_arrival_blooded_trapdoor, layout_basic,
          nicolae_figureground_sparkle
D:2:      layout_rooms, serial_shops, shop
D:3:      layout_basic, hellmonk_ecumenical_altar_zigzags,
          lightli_sewer_entry_pipes, st_stairs_6
D:4:      layout_basic, fountainhead, nicolae_shop_unique_rings,
          minmay_close_crescents, uniq_duvessa, uniq_pikel
D:5:      layout_loops_cross, nicolae_ossuary_entry_monument,
          nicolae_elemental_shop, grunt_ministairs_5, chequers_mini_garden,
          uniq_menkaure
D:6:      kennysheep_windowed_halls, layout_rooms, gammafunk_ghost_split,
          nicolae_grassy_gnolls
D:7:      cheibrodos_fzero, layout_rooms, nicolae_uskayaw_suspiria,
          minmay_temple_entry_glassed_door
D:8:      layout_basic, enter_bailey_5, serial_shops, shop,
          chequers_serial_rivers_small_b
D:9:      layout_loops_ring, grunt_dithmenos_smoke_and_mirrors,
          erik_lair_orcish_takeover, orc_0_dummy
D:10:     layout_long_grid, overflow_temple_1_default, serial_demonic,
          serial_demonic_e, serial_demonic_f, serial_demonic_d, serial_demonic_a

Skill      XL: |  1  2  3  4  5  6  7  8  9 10 11 12 |
---------------+-------------------------------------+-----
Spellcasting   | 5 6 7 8 |  8.9
Invocations    | 1 2 3 4 5 6 7 8 |  8.0
Short Blades   | 1 3 4 5 6 7 |  7.3
Long Blades    | 1 3 4 5 6 7 |  7.3
Maces & Flails | 1 3 4 5 6 7 |  7.3
Polearms       | 1 3 4 5 6 7 |  7.3
Staves         | 1 3 4 5 6 7 |  7.3
Ranged Weapons | 1 3 4 5 6 7 |  7.3
Throwing       | 1 3 4 5 6 7 |  7.3
Armour         | 1 3 4 5 6 7 |  7.3
Stealth        | 1 3 4 5 6 7 |  7.3
Shields        | 1 3 4 5 6 7 |  7.3
Unarmed Combat | 1 3 4 5 6 7 |  7.3
Evocations     | 1 3 4 5 6 7 |  7.3
Hexes          | 1 2 3 4 5 6 |  6.0
Summonings     | 1 2 3 4 5 6 |  6.0
Necromancy     | 1 2 3 4 5 6 |  6.0
Translocations | 1 2 3 4 5 6 |  6.0
Transmutations | 1 2 3 4 5 6 |  6.0
Fire Magic     | 1 2 3 4 5 6 |  6.0
Ice Magic      | 1 2 3 4 5 6 |  6.0
Air Magic      | 1 2 3 4 5 6 |  6.0
Earth Magic    | 1 2 3 4 5 6 |  6.0
Poison Magic   | 1 2 3 4 5 6 |  6.0
Fighting       | 5 6 7 8 |  8.7
Dodging        | 5 6 7 8 |  8.7
Axes           | 7 8 9 |  9.9
Conjurations   | 6 7 8 |  8.2

Action                   |  1- 3 |  4- 6 |  7- 9 | 10-12 || total
-------------------------+-------+-------+-------+-------++-------
Melee: Hand axe          |   110 |   173 |       |       ||   283
       Bite              |    11 |    17 |    23 |    48 ||    99
       Punch             |     2 |     1 |    10 |    26 ||    39
       War axe           |       |    47 |   214 |    72 ||   333
       Broad axe         |       |       |       |   333 ||   333
 Fire: Shortbow          |       |    50 |   152 |   290 ||   492
Throw: Dart              |       |       |       |     1 ||     1
 Cast: Momentum Strike   |     5 |       |     1 |     3 ||     9
Evoke: Wand              |       |       |       |    13 ||    13
  Use: Scroll            |       |     7 |    12 |     9 ||    28
       Potion            |       |     2 |     6 |     9 ||    17
 Stab: Sleeping          |     1 |       |       |     1 ||     2
       Distracted        |       |       |     3 |     5 ||     8
       Invisible         |       |       |    15 |     3 ||    18
       Fleeing           |       |       |       |     1 ||     1
Armor: Leather armour    |    21 |    15 |       |       ||    36
       Scale mail        |       |   136 |   186 |   325 ||   647
Dodge: Dodged            |    69 |   168 |   261 |   433 ||   931

Table legend: (Time is in decaauts)
 A = Elapsed time spent in this place.
 B = Non-inter-level travel time spent in this place.
 C = Inter-level travel time spent in this place.
 D = Time resting spent in this place.
 E = Time spent auto-exploring this place.
 F = Levels seen in this place.
 G = Mean time per level.
                   A        B        C        D        E       F      G
               +--------+--------+--------+--------+--------+-----+--------+
         Total |  10396 |  10087 |    309 |    701 |   5821 |  13 |  799.7 |
       Dungeon |   9219 |   8910 |    309 |    574 |   5446 |  10 |  921.9 |
         Sewer |    369 |    369 |      0 |     17 |    192 |   1 |  369.0 |
       Ossuary |    205 |    205 |      0 |      0 |     98 |   1 |  205.0 |
        Bailey |    602 |    602 |      0 |    110 |     85 |   1 |  602.0 |
               +--------+--------+--------+--------+--------+-----+--------+

Top non-repeatable levels by time:
     D:4: 1361 daAuts
     D:1: 1181 daAuts
     D:6: 1092 daAuts
     D:7: 926 daAuts
     D:8: 899 daAuts
     D:2: 884 daAuts
     D:3: 870 daAuts
     D:9: 847 daAuts
     D:5: 814 daAuts
  Bailey: 602 daAuts
   Sewer: 369 daAuts
    D:10: 340 daAuts
 Ossuary: 205 daAuts
